 Dungeon Crawl Stone Soup version 0.27.1-33-g824d729ab1 (webtiles) character file.

Game seed: 2298329641965299415

4291 styxcanada the Covert (level 10, -4/49 HPs)
             Began as a Spriggan Brigand on Dec 30, 2021.
             Was an Initiate of Gozag.
             Slain by a two-headed ogre (30 damage)
             ... on level 8 of the Dungeon on Dec 31, 2021.
             The game lasted 00:47:08 (9573 turns).

styxcanada the Covert (Spriggan Brigand)            Turns: 9573, Time: 00:47:09

Health: -4/49      AC:  8    Str:  7    XL:     10   Next: 11%
Magic:  15/15      EV: 24    Int: 16    God:    Gozag
Gold:   909        SH:  0    Dex: 19    Spells: 10/14 levels left

rFire    . . .     SeeInvis +   a - +3 dagger (flame)
rCold    . . .     Faith    .   (shield restricted)
rNeg     . . .     Spirit   .   b - +0 robe
rPois    .         Reflect  .   i - +3 crown of Dyrovepreva {rElec Int+2 SInv}
rElec    +         Harm     .   c - +2 cloak
rCorr    .         Rampage  .   (gloves unavailable)
Will     +....                  (boots unavailable)
Stlth    ++++++....             r - amulet of regeneration
HPRegen  1.16/turn              (no ring)
MPRegen  0.14/turn              (no ring)

@: gold aura, very quick
A: very small, no large weapons, unfitting armour, see invisible, speed 3
a: Renounce Religion, Potion Petition, Call Merchant, Bribe Branch


You were on level 8 of the Dungeon.
You worshipped Gozag.
Gozag was pleased with you.
You visited 2 branches of the dungeon, and saw 9 of its levels.
You also visited: Sewer.

You collected 968 gold pieces.
You paid 59 gold pieces to Gozag.

Inventory:

Hand Weapons
 a - a +3 dagger of flaming (weapon)
 o - a +1 dagger of speed
Missiles
 d - 11 poisoned darts (quivered)
 e - 10 curare-tipped darts
 g - 233 stones
 l - 107 sling bullets
Armour
 b - a +0 robe (worn)
 c - a +2 cloak (worn)
 i - the +3 crown of Dyrovepreva (worn) {rElec Int+2 SInv}
   (You acquired it on level 6 of the Dungeon)

   Int:       It affects your intelligence (+2).
   rElec:     It insulates you from electricity.
   SInv:      It lets you see invisible.
Jewellery
 r - an amulet of regeneration (around neck)
 y - a ring of positive energy
Wands
 j - a wand of mindburst (3)
 x - a wand of digging (4)
Scrolls
 f - a scroll of amnesia
 h - 5 scrolls of fog
 k - 2 scrolls of enchant armour
 m - 3 scrolls of magic mapping
 t - 3 scrolls of teleportation
Potions
 n - 2 potions of resistance
 p - a potion of invisibility
 q - a potion of lignification
 s - 4 potions of curing
 u - 3 potions of cancellation
 v - a potion of haste {unknown}
 w - a potion of attraction {unknown}
 z - a potion of brilliance {unknown}


   Skills:
 + Level 4.1 Fighting
 + Level 6.3 Short Blades
 + Level 5.3 Throwing
 * Level 9.0 Dodging
 * Level 12.9 Stealth
 * Level 2.9 Spellcasting
 * Level 2.6 Hexes
 * Level 5.3 Evocations


You had 10 spell levels left.
You knew the following spells:

 Your Spells              Type           Power      Damage    Failure   Level
a - Cause Fear            Hex            5%         N/A       54%         4

Your spell library contained the following spells:

 Spells                   Type           Power      Damage    Failure   Level
 Sublimation of Blood     Necr           1%         N/A       28%         2
 Wereblood                Tmut           2%         N/A       28%         2
 Inner Flame              Hex/Fire       6%         N/A       32%         3
 Leda's Liquefaction      Hex/Erth       3%         N/A       73%         4
 Bolt of Magma            Conj/Fire/Erth 1%         4d4       99%         5
 Statue Form              Tmut/Erth      1%         N/A       100%        6
 Summon Hydra             Summ           1%         N/A       100%        7
 Discord                  Hex            5%         N/A       100%        8


Dungeon Overview and Level Annotations

Branches:
Dungeon (8/15)             Temple (1/1) D:5           Sewer (visited)
   Lair: D:8-11

Altars:
Ashenzari
Cheibriados
Elyvilon
Fedhas
Gozag
Hepliaklqana
Ru
Sif Muna
Uskayaw
Vehumet
Wu Jian
Yredelemnul
Zin
The Shining One

Shops:
D:2 ?


Innate Abilities, Weirdness & Mutations

You are very small and have problems with some larger weapons.
You are too small for most types of armour.
You have supernaturally acute eyesight. (SInv)
You cover ground extremely quickly. (Speed+++)


Message History

The killer bee zombie completely misses you.
You hit the killer bee zombie. You burn the killer bee zombie.
The killer bee zombie is severely damaged.
The killer bee zombie closely misses you.
You hit the killer bee zombie. You burn the killer bee zombie.
The killer bee zombie is almost destroyed.
The killer bee zombie misses you.
You hit the killer bee zombie. You burn the killer bee zombie.
The killer bee zombie is almost destroyed.
The killer bee zombie hits you but does no damage.
You hit the deep elf pyromancer. You burn the deep elf pyromancer.
The deep elf pyromancer is lightly wounded.
A two-headed ogre comes into view.
It is wielding a +0 giant spiked club and a +2 dire flail of protection.
You hit the deep elf pyromancer. You burn the deep elf pyromancer.
The deep elf pyromancer is moderately wounded.
You hit the deep elf pyromancer. You burn the deep elf pyromancer.
The deep elf pyromancer is moderately wounded.
The deep elf pyromancer casts a spell at you.
The bolt of fire misses you.
You hit the deep elf pyromancer. You burn the deep elf pyromancer.
The deep elf pyromancer is heavily wounded.
The deep elf pyromancer casts a spell.
The deep elf pyromancer blinks!
You hit the killer bee zombie. You burn the killer bee zombie.
You destroy the killer bee zombie!
The two-headed ogre hits you with a +0 giant spiked club!!
Ouch! That really hurt!
The two-headed ogre completely misses you.
You see here 7 gold pieces.
You hit the two-headed ogre but do no damage.
You hit the two-headed ogre but do no damage.
The two-headed ogre barely misses you. The two-headed ogre misses you.
You hit the two-headed ogre. You burn the two-headed ogre.
The two-headed ogre is lightly wounded.
You barely miss the two-headed ogre.
The two-headed ogre is lightly wounded.
The two-headed ogre hits you with a +0 giant spiked club!!
Ouch! That really hurt!
You die...
Your body crumbles into a pile of gold.

# ##...##
#.##.....##
#.#.......###
#....._.....#
..#.......#.#
##.....##.#########
###...##..........#
#.##.###..........#
#$@..# #.......(..#
#....O####
#..........# #.#...
#.....[..... #..e
#..........# #...
#..........+ #.#.
............# ....
+.............
##.##
#....######### ####
#


You could see a two-headed ogre and a deep elf pyromancer.

Vanquished Creatures
  3 kobold demonologists (D:8)
  Grinder (D:4)
  A wyvern (D:7)
  Menkaure (D:5)
  Edmund (D:4)
  3 water moccasins
  2 orc warriors (D:7)
  2 ice beasts (D:6)
  A black bear (D:4)
  3 necrophages
  4 ogres
  A phantom (Temple)
  3 centaurs
  A gnoll sergeant (D:5)
  3 bullfrogs
  2 scorpions
  A water moccasin zombie (D:5)
  2 howler monkeys
  A jelly (D:6)
  A bullfrog skeleton (D:7)
  2 orc priests (D:7)
  2 gnoll shamans (D:7)
  Jessica (D:3)
  A centaur skeleton (D:7)
  2 iguanas
  4 orc wizards (D:7)
  A killer bee zombie (D:8)
  A howler monkey zombie (D:8)
  12 gnolls
  A howler monkey skeleton (D:5)
  11 adders
  3 worms
  A dart slug (D:3)
  13 orcs
  5 bats
  7 endoplasms
  3 giant cockroaches
  6 goblins
  4 hobgoblins
  16 jackals
  3 quokkas
  10 ball pythons
  6 frilled lizards
  14 kobolds
  4 rats
170 creatures vanquished.

Vanquished Creatures (others)
  21 plants
21 creatures vanquished.

Grand Total: 191 creatures vanquished

Notes
Turn   | Place    | Note
-------+----------+-------------------------------------------
     0 | D:1      | styxcanada the Spriggan Brigand began the quest for the
                  | Orb.
     0 | D:1      | Reached XP level 1. HP: 10/10 MP: 2/2
    84 | D:1      | Reached skill level 6 in Stealth
   809 | D:1      | Reached XP level 2. HP: 15/15 MP: 3/3
   876 | D:2      | Found a faded altar of an unknown god.
  1448 | D:2      | Reached XP level 3. HP: 14/18 MP: 4/4
  1455 | D:2      | Reached skill level 7 in Stealth
  2165 | D:2      | Reached XP level 4. HP: 23/23 MP: 5/5
  2277 | D:2      | Found Ecohomne's Magic Scroll Emporium.
  3158 | D:3      | Noticed Jessica
  3184 | D:3      | Killed Jessica
  3787 | D:4      | Reached XP level 5. HP: 21/26 MP: 6/6
  3815 | D:4      | Noticed a black bear
  3836 | D:4      | Noticed Edmund
  3860 | D:4      | Killed a black bear
  3861 | D:4      | Reached skill level 8 in Stealth
  4010 | D:4      | Noticed an ogre
  4048 | D:4      | Killed an ogre
  4049 | D:4      | Reached XP level 6. HP: 32/32 MP: 7/7
  4210 | D:4      | Noticed Grinder
  4247 | D:4      | Paralysed by Grinder for 3 turns
  4287 | D:4      | Killed Grinder
  4288 | D:4      | Reached skill level 9 in Stealth
  4588 | D:4      | Killed Edmund
  4589 | D:4      | Reached XP level 7. HP: 19/35 MP: 8/8
  5088 | D:5      | Entered Level 5 of the Dungeon
  5593 | D:5      | Found a staircase to the Ecumenical Temple.
  5594 | D:5      | Noticed Menkaure
  5602 | Temple   | Entered the Ecumenical Temple
  5640 | Temple   | Reached skill level 1 in Evocations
  5676 | Temple   | Became a worshipper of Gozag Ym Sagoz the Greedy
  5726 | D:5      | Killed Menkaure
  5727 | D:5      | Reached skill level 10 in Stealth
  5727 | D:5      | Reached XP level 8. HP: 31/40 MP: 9/9
  5803 | D:5      | Reached skill level 5 in Dodging
  5920 | D:5      | Found a glowing drain.
  5927 | Sewer    | Entered a sewer
  7235 | D:6      | Reached skill level 5 in Throwing
  7272 | D:6      | Identified a scroll of acquirement
  7272 | D:6      | Acquired the +3 crown of Dyrovepreva {rElec Int+2 SInv}
  7272 | D:6      | Found the +3 crown of Dyrovepreva {rElec Int+2 SInv}
  7456 | D:6      | Reached skill level 11 in Stealth
  7494 | D:6      | Reached skill level 5 in Short Blades
  7617 | D:6      | Found a glowing silver altar of Zin.
  7812 | D:6      | Reached XP level 9. HP: 37/45 MP: 10/10
  8033 | D:6      | Learned a level 4 spell: Cause Fear
  8636 | D:7      | Reached skill level 12 in Stealth
  8642 | D:7      | Reached skill level 1 in Spellcasting
  8664 | D:7      | Reached skill level 1 in Hexes
  9411 | D:8      | Noticed a kobold demonologist
  9412 | D:8      | Noticed a kobold demonologist
  9415 | D:8      | Noticed a kobold demonologist
  9434 | D:8      | Noticed an orange demon
  9450 | D:8      | Killed a kobold demonologist
  9451 | D:8      | Reached skill level 5 in Evocations
  9458 | D:8      | Noticed a rust devil
  9491 | D:8      | Noticed an ice devil
  9493 | D:8      | Killed a kobold demonologist
  9494 | D:8      | Reached XP level 10. HP: 49/49 MP: 14/14
  9539 | D:8      | Found a hide-covered altar of Uskayaw.
  9548 | D:8      | Noticed a deep elf pyromancer
  9564 | D:8      | Noticed a two-headed ogre
  9573 | D:8      | Slain by a two-headed ogre

Illustrated notes

Levels and vault maps discovered:
D:1:      amcnicky_arrival_flooded_fountain, layout_basic
D:2:      layout_loops_corners, ebering_ecumenical_altar_sacrificial,
          serial_shops, nicolae_shop_window_shopping
D:3:      layout_basic, uniq_jessica
D:4:      cheibrodos_old_hovel, layout_cave_pools, uniq_edmund, uniq_grinder
D:5:      layout_loops_ring, minmay_temple_entry_statues_fountains,
          gup_sewer_entry_bubbles, lightli_minifort, uniq_menkaure
D:6:      layout_layer_cave, mainiacjoe_overflow_surrounded_room,
          grunt_ministairs_15
D:7:      layout_rooms
D:8:      layout_basic, lemuel_round_altar, erik_lair_dragon, serial_shops,
          shop, st_stairs_1, minmay_misc_feat_five, hangedman_feature_mirror
Temple:   nicolae_temple_elliptical

Skill      XL: |  1  2  3  4  5  6  7  8  9 10 |
---------------+-------------------------------+-----
Stealth        | 6 7 8 9 10 11 12 | 12.9
Dodging        | 2 3 4 7 8 9 |  9.0
Fighting       | 2 3 4 |  4.1
Short Blades   | 3 4 5 6 |  6.3
Throwing       | 3 4 5 |  5.3
Evocations     | 1 3 5 |  5.3
Spellcasting   | 2 |  2.9
Hexes          | 2 |  2.6

Action                   |  1- 3 |  4- 6 |  7- 9 | 10-12 || total
-------------------------+-------+-------+-------+-------++-------
Melee: Dagger            |   100 |    69 |   807 |    30 ||  1006
Throw: Dart              |    26 |    53 |    66 |       ||   145
Evoke: Wand              |       |     3 |    11 |       ||    14
  Use: Scroll            |     1 |     8 |    11 |       ||    20
       Potion            |       |       |     2 |       ||     2
 Stab: Sleeping          |     9 |     7 |    17 |       ||    33
       Distracted        |       |     1 |       |     1 ||     2
       Invisible         |       |       |     8 |     4 ||    12
Armor: Robe              |    13 |     6 |    77 |     2 ||    98
Dodge: Dodged            |    74 |    42 |   554 |    17 ||   687
